 Dungeon Crawl Stone Soup version 0.21.0-25-ge575cb9 (webtiles) character file.

6458 tidbits the Magician (level 11, 0/84 HPs)
             Began as a Gnoll Skald on Jan 26, 2018.
             Was an Elder of Cheibriados.
             Shot with an arrow by a centaur warrior (21 damage)
             ... on level 13 of the Dungeon.
             The game lasted 00:31:43 (2874 turns).

tidbits the Magician (Gnoll Skald)                  Turns: 2874, Time: 00:31:44

Health: 0/84       AC:  5    Str: 22    XL:     11   Next: 0%
Magic:  26/31      EV: 19    Int: 28    God:    Cheibriados [****..]
Gold:   355        SH:  9    Dex: 24    Spells: 14/25 levels left

rFire    + . .     SeeInvis .   a - +0 war axe
rCold    . . .     Gourm    .   D - +2 buckler
rNeg     . . .     Faith    .   B - +0 leather armour
rPois    .         Spirit   .   (helmet restricted)
rElec    +         Reflect  .   (no cloak)
rCorr    .         Harm     .   G - +0 pair of gloves
MR       .....                  (no boots)
Stlth    +++.......             (no amulet)
HPRegen  0.24/turn              W - ring of wizardry
MPRegen  0.22/turn              C - ring "Ampiexka" {rElec rF+ MP+9}

@: very slow
A: distributed training, fangs 1, horns 2, strong nose
a: Bend Time, Temporal Distortion, Slouch, Renounce Religion


You were on level 13 of the Dungeon.
You worshipped Cheibriados.
Cheibriados was greatly pleased with you.
You were very full.

You visited 2 branches of the dungeon, and saw 14 of its levels.

You collected 355 gold pieces.

Inventory:

Hand Weapons
 a - a +0 war axe (weapon)
 g - a +0 dagger
 l - a +2 trident of piercing
   (You took it off an orc on level 6 of the Dungeon)
 o - a +0 hand axe of chopping
   (You found it on level 6 of the Dungeon)
 p - a +0 hand axe
 z - a +0 hand axe of draining
   (You took it off an orc on level 6 of the Dungeon)
 F - a +0 morningstar of protection
   (You took it off an orc warrior on level 9 of the Dungeon)
 N - the cursed +1 whip of Nemelex Xobeh's Regard {freeze, +Rage Dex+4, unknown}
   (You found it on level 10 of the Dungeon)

   It has been specially enchanted to freeze those struck by it, causing extra
   injury to most foes and up to half again as much damage against particularly
   susceptible opponents.
   It can also slow down cold-blooded creatures.
   It affects your dexterity (+4).
   It lets you go berserk.
   It has a curse placed upon it.
Missiles
 b - 8 tomahawks (quivered)
 r - 4 throwing nets {!f}
 s - 81 arrows
Armour
 y - a +1 helmet
 B - a +0 leather armour (worn)
 D - a +2 buckler (worn)
 G - a +0 pair of gloves (worn)
 K - a +0 buckler
Jewellery
 h - an uncursed ring of flight
   (You found it on level 2 of the Dungeon)
 i - an uncursed ring of see invisible
   (You found it on level 1 of the Dungeon)
 n - an uncursed ring of teleportation
   (You found it on level 2 of the Dungeon)
 C - the ring "Ampiexka" (right hand) {rElec rF+ MP+9}
   (You found it on level 5 of the Dungeon)

   [ring of magical power]

   It protects you from fire.
   It insulates you from electricity.
   It affects your magic capacity (+9).
 H - an uncursed ring of protection from magic
   (You found it on level 1 of the Dungeon)
 W - a ring of wizardry (left hand)
   (You found it on level 9 of the Dungeon)
Wands
 t - a wand of digging (23)
 w - a wand of scattershot (3)
 A - a wand of enslavement (4)
Scrolls
 e - a scroll of brand weapon {unknown}
 f - 2 scrolls of enchant weapon {unknown}
 k - a scroll of immolation {unknown}
 m - a scroll of random uselessness
 u - a scroll of enchant armour
 v - 4 scrolls of remove curse
 x - a scroll of magic mapping
 J - a scroll of amnesia {unknown}
Potions
 j - 2 potions of heal wounds
 q - a potion of degeneration
 I - a potion of curing
 L - a potion of might {unknown}
Books
 c - a book of Battle

   Spells                             Type                      Level
   a - Infusion                       Charms                       1
   b - Shroud of Golubria             Charms/Translocation         2
   c - Song of Slaying                Charms                       2
   d - Spectral Weapon                Hexes/Charms                 3
   e - Regeneration                   Charms/Necromancy            3
Comestibles
 d - 12 rations


   Skills:
 + Level 7.4 Fighting
 + Level 5.7 Short Blades
 + Level 5.7 Long Blades
 + Level 7.4 Axes
 + Level 5.7 Maces & Flails
 + Level 5.7 Polearms
 + Level 5.7 Staves
 + Level 5.7 Slings
 + Level 5.7 Bows
 + Level 5.7 Crossbows
 + Level 5.7 Throwing
 + Level 6.3 Armour
 + Level 7.4 Dodging
 + Level 5.7 Stealth
 + Level 5.7 Shields
 + Level 5.7 Unarmed Combat
 + Level 7.6 Spellcasting
 + Level 4.7 Conjurations
 + Level 4.7 Hexes
 + Level 7.3 Charms
 + Level 4.7 Summonings
 + Level 4.7 Necromancy
 + Level 4.7 Translocations
 + Level 4.7 Transmutations
 + Level 4.7 Fire Magic
 + Level 4.7 Ice Magic
 + Level 4.7 Air Magic
 + Level 4.7 Earth Magic
 + Level 4.7 Poison Magic
 + Level 6.2 Invocations
 + Level 5.7 Evocations


You had 14 spell levels left.
You knew the following spells:

 Your Spells              Type           Power        Failure   Level  Hunger
g - Shroud of Golubria    Chrm/Tloc      #####.....   1%          2    None
i - Infusion              Chrm           ####         1%          1    None
r - Regeneration          Chrm/Necr      #####.....   1%          3    None
w - Spectral Weapon       Hex/Chrm       #####...     1%          3    None
y - Song of Slaying       Chrm           ######..     1%          2    None


Dungeon Overview and Level Annotations

Branches:
Dungeon (13/15)            Temple (1/1) D:5            Lair (0/6) D:9
    Orc: D:9-12      Vaults: D:13-14

Altars:
Ashenzari
Cheibriados
Dithmenos
Elyvilon
Fedhas
Gozag
Hepliaklqana
Kikubaaqudgha
Makhleb
Nemelex Xobeh
Ru
Sif Muna
Trog
Uskayaw
Wu Jian
Xom
Yredelemnul
Zin
The Shining One


Innate Abilities, Weirdness & Mutations

Your experience applies equally to all skills.
You have very sharp teeth.
Your uncanny sense of smell can sniff out nearby items.
You have a pair of horns on your head.


Message History

The orc wizard blinks!
A troll comes into view.
Casting: Spectral Weapon
Confirm with . or Enter, or press ? or * to list all spells.
Your spectral weapon fades away.
You draw out your weapon's spirit!
You barely miss the orc wizard. Your bite misses the orc wizard.
The orc wizard is moderately wounded.
You hit the orc.
Your spectral weapon hits the orc wizard!
The orc wizard closely misses your spectral weapon.
The orc misses you. The orc barely misses you.
The orc wizard casts a spell.
The orc wizard seems to speed up.
Casting: Spectral Weapon
Confirm with . or Enter, or press ? or * to list all spells.
Space distorts slightly along a thin shroud covering your body.
The orc wizard gestures wildly while chanting.
The orc wizard blinks!
The orc wizard looks braver for a moment.
You block the orc's attack. The orc barely misses you.
You barely miss the orc wizard. Your headbutt misses the orc wizard.
Your bite misses the orc wizard.
The orc wizard is severely wounded.
You closely miss the orc.
Your spectral weapon closely misses the orc wizard.
The orc wizard barely misses you.
The orc hits you from afar with a trident.
The orc barely misses you.
You hit the orc wizard.
You kill the orc wizard!
Cheibriados appreciates the change of pace.
You hit the orc but do no damage.
The orc wizard casts a spell.
The orc wizard blinks!
You block the orc's attack. The orc misses you.
You hit the orc but do no damage. You headbutt the orc.
You kill the orc!
Cheibriados thoroughly appreciates the change of pace.
You block the orc's attack.
The orc wizard casts a spell.
The orc wizard blinks!
You barely miss the troll.
You headbutt the troll, but do no damage.
You bite the troll.
The troll is lightly wounded.
Your spectral weapon barely misses the troll.
The orc misses you. The troll barely misses you. You block the troll's attack.
Your shroud bends the troll's attack away!
You slash the troll! You headbutt the troll.
The troll is moderately wounded.
Your spectral weapon hits the troll.
The troll bites you! You block the troll's attack.
The troll closely misses you. You block the orc's attack.
You closely miss the troll.
You headbutt the troll, but do no damage.
You bite the troll, but do no damage.
The troll is moderately wounded.
Your spectral weapon hits the troll!!
You block the troll's attack. x2
The troll completely misses you. The orc closely misses you.
The troll bites you but does no damage. The troll completely misses you.
The troll claws you.
* * * LOW HITPOINT WARNING * * *
Your shroud falls apart!
You hit the troll.
You kill the troll!
Cheibriados thoroughly appreciates the change of pace.
The orc closely misses you.
You miss the orc wizard. You headbutt the orc wizard.
The orc wizard is lightly wounded.
Your spectral weapon hits the orc wizard!!
You kill the orc wizard!
Cheibriados thoroughly appreciates the change of pace.
The orc closely misses you. The orc closely misses you.
You block the orc's attack.
There is an open door, spattered with blood here.
Items here: )) [[ ††
Okay, then.
You barely miss the orc. Your headbutt misses the orc.
Your bite misses the orc. The orc misses you. You block the orc's attack.
The orc closely misses you.
A centaur warrior comes into view.
The centaur warrior shouts!
You slash the orc!
You kill the orc!
Cheibriados thoroughly appreciates the change of pace.
You have reached level 11!
The centaur warrior wields a longbow.
The centaur warrior shoots an arrow.
The arrow hits you!!
* * * LOW HITPOINT WARNING * * *
Okay, then.
Okay, then.
Evoke which item? (* to show all) (? for menu, Esc to quit)
Okay, then.
Evoke which item? (* to show all) (? for menu, Esc to quit)
Aiming: Enslavement
Press: ? - help, Shift-Dir - straight line, f - centaur warrior
Aim: a centaur warrior, wielding a longbow (chance to defeat MR: 45%)
The centaur warrior resists with some effort.
The centaur warrior shoots an arrow.
The arrow hits you!!
You die...

#c #.... #.. #.....#
#.# .._.. ... ....
###'#### ... #......#
#.# #.....)### #.##
#.....@(.### ###.'.
#......#)..### .#.#.#.
#......###...###.#.#.#.
#......# ###.'...#.#.##
.'......# ###.###.#.#
##......# #...[...#
####'### ######### ..


You could see a centaur warrior and a friendly spectral war axe.

Vanquished Creatures
  A two-headed ogre (D:8)
  2 trolls
  Grinder (D:6)
  A hippogriff (D:10)
  6 yaks
  An orc warrior (D:9)
  2 hungry ghosts
  Menkaure (D:6)
  A soldier ant (D:12)
  2 sky beasts
  A necrophage (D:7)
  5 ogres
  5 centaurs
  A crocodile (D:10)
  A wyvern zombie (D:9)
  9 killer bees
  3 howler monkeys
  2 crimson imps
  3 quasits
  7 hounds
  2 jellies
  2 bullfrog skeletons
  3 orc priests
  8 orc wizards
  2 centaur skeletons
  4 iguanas
  5 worker ants
  A hound skeleton (D:4)
  6 adders
  2 gnolls
  2 shadow imps
  2 adder skeletons
  2 adder zombies
  A worm (D:4)
  A dart slug (D:1)
  A leopard gecko (D:4)
  25 orcs
  4 giant cockroaches
  10 jackals
  5 quokkas
  4 bats
  4 frilled lizards
  3 kobolds
  A quokka skeleton (D:5)
  3 rats (D:1)
158 creatures vanquished.

Vanquished Creatures (collateral kills)
  3 yaks (D:13)
  2 howler monkeys (D:9)
  An orc priest (D:9)
  An orc (D:8)
7 creatures vanquished.

Vanquished Creatures (others)
  A goblin (D:1)
  A spectral weapon (D:12)
2 creatures vanquished.

Grand Total: 167 creatures vanquished

Notes
Turn   | Place    | Note
-------+----------+-------------------------------------------
     0 | D:1      | tidbits the Gnoll Skald began the quest for the Orb.
     0 | D:1      | Reached XP level 1. HP: 20/20 MP: 6/6
    34 | D:1      | Reached XP level 2. HP: 24/26 MP: 0/7
   166 | D:1      | Reached XP level 3. HP: 31/31 MP: 0/9
   170 | D:1      | Learned a level 2 spell: Song of Slaying
   173 | D:1      | Learned a level 2 spell: Shroud of Golubria
   177 | D:1      | Learned a level 3 spell: Regeneration
   181 | D:1      | Learned a level 3 spell: Spectral Weapon
   234 | D:2      | Reached skill level 5 in Spellcasting
   461 | D:3      | Found a bloodstained altar of Trog.
   462 | D:3      | Found a hazy altar of Hepliaklqana.
   505 | D:4      | Reached skill level 1 in Short Blades
   505 | D:4      | Reached skill level 1 in Long Blades
   505 | D:4      | Reached skill level 1 in Maces & Flails
   505 | D:4      | Reached skill level 1 in Polearms
   505 | D:4      | Reached skill level 1 in Staves
   505 | D:4      | Reached skill level 1 in Slings
   505 | D:4      | Reached skill level 1 in Bows
   505 | D:4      | Reached skill level 1 in Crossbows
   505 | D:4      | Reached skill level 1 in Throwing
   505 | D:4      | Reached skill level 1 in Stealth
   505 | D:4      | Reached skill level 1 in Shields
   505 | D:4      | Reached skill level 1 in Unarmed Combat
   505 | D:4      | Reached skill level 1 in Invocations
   505 | D:4      | Reached skill level 1 in Evocations
   505 | D:4      | Reached XP level 4. HP: 38/38 MP: 4/11
   602 | D:4      | Reached skill level 1 in Conjurations
   602 | D:4      | Reached skill level 1 in Hexes
   602 | D:4      | Reached skill level 1 in Summonings
   602 | D:4      | Reached skill level 1 in Necromancy
   602 | D:4      | Reached skill level 1 in Translocations
   602 | D:4      | Reached skill level 1 in Transmutations
   602 | D:4      | Reached skill level 1 in Fire Magic
   602 | D:4      | Reached skill level 1 in Ice Magic
   602 | D:4      | Reached skill level 1 in Air Magic
   602 | D:4      | Reached skill level 1 in Earth Magic
   602 | D:4      | Reached skill level 1 in Poison Magic
   631 | D:4      | You fall through a shaft!
   631 | D:5      | Entered Level 5 of the Dungeon
   631 | D:5      | Noticed a centaur
   637 | D:5      | Reached XP level 5. HP: 16/43 MP: 2/12
   639 | D:5      | Killed a centaur
   639 | D:5      | Reached skill level 3 in Armour
   643 | D:5      | Reached skill level 2 in Invocations
   643 | D:5      | Reached XP level 6. HP: 48/50 MP: 2/13
   658 | D:5      | Reached skill level 5 in Fighting
   658 | D:5      | Reached skill level 2 in Short Blades
   658 | D:5      | Reached skill level 2 in Long Blades
   658 | D:5      | Reached skill level 5 in Axes
   658 | D:5      | Reached skill level 2 in Maces & Flails
   658 | D:5      | Reached skill level 2 in Polearms
   658 | D:5      | Reached skill level 2 in Staves
   658 | D:5      | Reached skill level 2 in Slings
   658 | D:5      | Reached skill level 2 in Bows
   658 | D:5      | Reached skill level 2 in Crossbows
   658 | D:5      | Reached skill level 2 in Throwing
   658 | D:5      | Reached skill level 5 in Dodging
   658 | D:5      | Reached skill level 2 in Stealth
   658 | D:5      | Reached skill level 2 in Shields
   658 | D:5      | Reached skill level 2 in Unarmed Combat
   658 | D:5      | Reached skill level 2 in Evocations
   696 | D:4      | Reached XP level 7. HP: 53/56 MP: 6/15
   730 | D:6      | Noticed Grinder
   746 | D:6      | Paralysed by Grinder for 6 turns
   771 | D:6      | Paralysed by Grinder for 3 turns
   777 | D:6      | Killed Grinder
   777 | D:6      | Reached skill level 2 in Conjurations
   777 | D:6      | Reached skill level 2 in Hexes
   777 | D:6      | Reached skill level 2 in Summonings
   777 | D:6      | Reached skill level 2 in Necromancy
   777 | D:6      | Reached skill level 2 in Translocations
   777 | D:6      | Reached skill level 2 in Transmutations
   777 | D:6      | Reached skill level 2 in Fire Magic
   777 | D:6      | Reached skill level 2 in Ice Magic
   777 | D:6      | Reached skill level 2 in Air Magic
   777 | D:6      | Reached skill level 2 in Earth Magic
   777 | D:6      | Reached skill level 2 in Poison Magic
   958 | D:6      | Noticed Menkaure
   961 | D:6      | Killed Menkaure
   961 | D:6      | Reached skill level 3 in Invocations
   961 | D:6      | Reached XP level 8. HP: 63/63 MP: 10/16
   989 | D:6      | Reached skill level 6 in Charms
  1119 | D:5      | Found a glowing silver altar of Zin.
  1127 | D:5      | Found a deep blue altar of Sif Muna.
  1129 | D:5      | Found a glowing golden altar of the Shining One.
  1135 | D:5      | Reached skill level 3 in Short Blades
  1135 | D:5      | Reached skill level 3 in Long Blades
  1135 | D:5      | Reached skill level 3 in Maces & Flails
  1135 | D:5      | Reached skill level 3 in Polearms
  1135 | D:5      | Reached skill level 3 in Staves
  1135 | D:5      | Reached skill level 3 in Slings
  1135 | D:5      | Reached skill level 3 in Bows
  1135 | D:5      | Reached skill level 3 in Crossbows
  1135 | D:5      | Reached skill level 3 in Throwing
  1135 | D:5      | Reached skill level 4 in Armour
  1135 | D:5      | Reached skill level 3 in Stealth
  1135 | D:5      | Reached skill level 3 in Shields
  1135 | D:5      | Reached skill level 3 in Unarmed Combat
  1135 | D:5      | Reached skill level 3 in Evocations
  1158 | D:5      | Got a coiled bronze ring
  1159 | D:5      | Identified the ring "Ampiexka" {rElec rF+ MP+9} (You found it on level 5 of the Dungeon)
  1275 | D:5      | Found a staircase to the Ecumenical Temple.
  1280 | Temple   | Entered the Ecumenical Temple
  1324 | Temple   | Became a worshipper of Cheibriados the Contemplative
  1382 | D:7      | Reached skill level 6 in Spellcasting
  1392 | D:7      | Gained mutation: You have a pair of small horns on your head. [potion of mutation]
  1392 | D:7      | Gained mutation: You have a pair of horns on your head. [potion of mutation]
  1542 | D:8      | Noticed a two-headed ogre
  1544 | D:8      | Killed a two-headed ogre
  1544 | D:8      | Reached skill level 6 in Fighting
  1544 | D:8      | Reached skill level 4 in Short Blades
  1544 | D:8      | Reached skill level 4 in Long Blades
  1544 | D:8      | Reached skill level 6 in Axes
  1544 | D:8      | Reached skill level 4 in Maces & Flails
  1544 | D:8      | Reached skill level 4 in Polearms
  1544 | D:8      | Reached skill level 4 in Staves
  1544 | D:8      | Reached skill level 4 in Slings
  1544 | D:8      | Reached skill level 4 in Bows
  1544 | D:8      | Reached skill level 4 in Crossbows
  1544 | D:8      | Reached skill level 4 in Throwing
  1544 | D:8      | Reached skill level 6 in Dodging
  1544 | D:8      | Reached skill level 4 in Stealth
  1544 | D:8      | Reached skill level 4 in Shields
  1544 | D:8      | Reached skill level 4 in Unarmed Combat
  1544 | D:8      | Reached skill level 3 in Conjurations
  1544 | D:8      | Reached skill level 3 in Hexes
  1544 | D:8      | Reached skill level 3 in Summonings
  1544 | D:8      | Reached skill level 3 in Necromancy
  1544 | D:8      | Reached skill level 3 in Translocations
  1544 | D:8      | Reached skill level 3 in Transmutations
  1544 | D:8      | Reached skill level 3 in Fire Magic
  1544 | D:8      | Reached skill level 3 in Ice Magic
  1544 | D:8      | Reached skill level 3 in Air Magic
  1544 | D:8      | Reached skill level 3 in Earth Magic
  1544 | D:8      | Reached skill level 3 in Poison Magic
  1544 | D:8      | Reached skill level 4 in Invocations
  1544 | D:8      | Reached skill level 4 in Evocations
  1544 | D:8      | Reached XP level 9. HP: 69/69 MP: 18/18
  1648 | D:8      | Noticed a two-headed ogre
  1664 | D:8      | Found a shimmering altar of Xom.
  1664 | D:8      | Found a shimmering altar of Xom.
  1664 | D:8      | Found a shimmering altar of Xom.
  1665 | D:8      | Found a shimmering altar of Xom.
  1665 | D:8      | Found a shimmering altar of Xom.
  1665 | D:8      | Found a shimmering altar of Xom.
  1667 | D:8      | Found a shimmering altar of Xom.
  1698 | D:8      | Reached skill level 5 in Armour
  1702 | D:8      | Reached * piety under Cheibriados
  1765 | D:8      | Found a shimmering altar of Xom.
  1966 | D:9      | Reached skill level 5 in Invocations
  1989 | D:9      | Reached ** piety under Cheibriados
  2005 | D:9      | Reached skill level 7 in Spellcasting
  2005 | D:9      | Reached XP level 10. HP: 77/77 MP: 20/20
  2039 | D:9      | Identified a +0 pair of boots of running (You found it on level 9 of the Dungeon)
  2088 | D:9      | Reached skill level 4 in Conjurations
  2088 | D:9      | Reached skill level 4 in Hexes
  2088 | D:9      | Reached skill level 4 in Summonings
  2088 | D:9      | Reached skill level 4 in Necromancy
  2088 | D:9      | Reached skill level 4 in Translocations
  2088 | D:9      | Reached skill level 4 in Transmutations
  2088 | D:9      | Reached skill level 4 in Fire Magic
  2088 | D:9      | Reached skill level 4 in Ice Magic
  2088 | D:9      | Reached skill level 4 in Air Magic
  2088 | D:9      | Reached skill level 4 in Earth Magic
  2088 | D:9      | Reached skill level 4 in Poison Magic
  2109 | D:9      | Found a staircase to the Lair.
  2181 | D:10     | Entered Level 10 of the Dungeon
  2272 | D:10     | Reached skill level 5 in Short Blades
  2272 | D:10     | Reached skill level 5 in Long Blades
  2272 | D:10     | Reached skill level 5 in Maces & Flails
  2272 | D:10     | Reached skill level 5 in Polearms
  2272 | D:10     | Reached skill level 5 in Staves
  2272 | D:10     | Reached skill level 5 in Slings
  2272 | D:10     | Reached skill level 5 in Bows
  2272 | D:10     | Reached skill level 5 in Crossbows
  2272 | D:10     | Reached skill level 5 in Throwing
  2272 | D:10     | Reached skill level 5 in Stealth
  2272 | D:10     | Reached skill level 5 in Shields
  2272 | D:10     | Reached skill level 5 in Unarmed Combat
  2272 | D:10     | Reached skill level 5 in Evocations
  2286 | D:10     | Found a glowing silver altar of Zin.
  2294 | D:10     | Reached *** piety under Cheibriados
  2294 | D:10     | Reached skill level 7 in Charms
  2370 | D:10     | Got a twisted whip
  2479 | D:11     | Reached skill level 7 in Fighting
  2479 | D:11     | Reached skill level 7 in Axes
  2479 | D:11     | Reached skill level 7 in Dodging
  2523 | D:10     | Reached skill level 6 in Armour
  2645 | D:10     | Reached skill level 6 in Invocations
  2688 | D:12     | Noticed a cyan ugly thing
  2730 | D:12     | Noticed a two-headed ogre
  2820 | D:13     | Reached **** piety under Cheibriados
  2837 | D:13     | Found a hazy altar of Hepliaklqana.
  2873 | D:13     | Noticed a centaur warrior
  2873 | D:13     | Reached XP level 11. HP: 40/84 MP: 22/22
  2874 | D:13     | Shot with an arrow by a centaur warrior

Skill      XL: |  1  2  3  4  5  6  7  8  9 10 |
---------------+-------------------------------+-----
Spellcasting   | 5 6 7 |  7.6
Short Blades   | 1 2 4 5 |  5.7
Long Blades    | 1 2 4 5 |  5.7
Maces & Flails | 1 2 4 5 |  5.7
Polearms       | 1 2 4 5 |  5.7
Staves         | 1 2 4 5 |  5.7
Slings         | 1 2 4 5 |  5.7
Bows           | 1 2 4 5 |  5.7
Crossbows      | 1 2 4 5 |  5.7
Throwing       | 1 2 4 5 |  5.7
Stealth        | 1 2 4 5 |  5.7
Shields        | 1 2 4 5 |  5.7
Unarmed Combat | 1 2 4 5 |  5.7
Invocations    | 1 2 3 4 5 6 |  6.2
Evocations     | 1 2 4 5 |  5.7
Conjurations   | 1 2 3 4 |  4.7
Hexes          | 1 2 3 4 |  4.7
Summonings     | 1 2 3 4 |  4.7
Necromancy     | 1 2 3 4 |  4.7
Translocations | 1 2 3 4 |  4.7
Transmutations | 1 2 3 4 |  4.7
Fire Magic     | 1 2 3 4 |  4.7
Ice Magic      | 1 2 3 4 |  4.7
Air Magic      | 1 2 3 4 |  4.7
Earth Magic    | 1 2 3 4 |  4.7
Poison Magic   | 1 2 3 4 |  4.7
Armour         | 3 4 5 6 |  6.3
Fighting       | 5 6 7 |  7.4
Axes           | 5 6 7 |  7.4
Dodging        | 5 6 7 |  7.4
Charms         | 6 7 |  7.3

Action                   |  1- 3 |  4- 6 |  7- 9 | 10-12 || total
-------------------------+-------+-------+-------+-------++-------
Melee: Hand axe          |    43 |       |    49 |       ||    92
       Bite              |     5 |     3 |    15 |    22 ||    45
       War axe           |     7 |    30 |   118 |   108 ||   263
       Unarmed           |       |       |     4 |       ||     4
       Headbutt          |       |       |    14 |    38 ||    52
       Dagger            |       |       |     1 |       ||     1
       Punch             |       |       |     1 |       ||     1
Throw: Tomahawk          |       |       |     1 |     1 ||     2
 Cast: Infusion          |     5 |       |       |       ||     5
       Spectral Weapon   |     4 |     6 |    23 |    21 ||    54
       Shroud of Golubri |     1 |     2 |     7 |     6 ||    16
       Regeneration      |     1 |     1 |     7 |     6 ||    15
Evoke: Wand              |       |       |    12 |     4 ||    16
  Use: Potion            |     1 |     2 |     5 |     5 ||    13
       Scroll            |     1 |       |     7 |     1 ||     9
 Stab: Sleeping          |     3 |       |     3 |     2 ||     8
       Distracted        |       |       |     5 |     2 ||     7
  Eat: Ration            |       |       |     4 |     1 ||     5
       Chunk             |       |       |     1 |       ||     1
Armor: Leather armour    |    12 |     5 |    14 |    10 ||    41
       Skin              |       |       |    95 |       ||    95
Dodge: Dodged            |    50 |    28 |   131 |   133 ||   342
Block: Buckler           |       |       |    25 |    78 ||   103

Table legend:
 A = Turns spent in this place as a percentage of turns spent in the entire game.
 B = Non-inter-level travel turns spent in this place as a percentage of non-inter-level travel turns spent in the entire game.
 C = Inter-level travel turns spent in this place as a percentage of turns spent in this place.
 D = Turns resting spent in this place as a percentage of non-inter-level travel turns spent in this place.
 E = Turns spent auto-exploring this place as a percentage of non-inter-level travel turns spent in this place.
 F = Non-inter-level travel turns spent in this place divided by the number of levels of this place that you've seen.
                   A       B       C       D       E      F
               +-------+-------+-------+-------+-------+----------------------
         Total | 100.0 | 100.0 |   0.5 |   0.0 |   0.0 | 204.2
       Dungeon |  97.9 |  98.4 |   0.0 |   0.0 |   0.0 | 216.4
        Temple |   2.1 |   1.6 |  24.6 |   0.0 |   0.0 |  46.0
               +-------+-------+-------+-------+-------+----------------------

Table legend:
 A = Kills in this place as a percentage of kills in entire the game.
 B = Kills by you in this place as a percentage of kills by you in the entire game.
 C = Kills by friends in this place as a percentage of kills by friends in the entire game.
 D = Other kills in this place as a percentage of other kills in the entire game.
 E = Experience gained in this place as a percentage of experience gained in the entire game.
 F = Experience gained in this place divided by the number of levels of this place that you have seen.
                   A       B       C       D       E      F
               +-------+-------+-------+-------+-------+----------------------
         Total | 100.0 | 100.0 | 100.0 | 100.0 | 100.0 | 659.1
       Dungeon | 100.0 | 100.0 | 100.0 | 100.0 | 100.0 | 709.8
               +-------+-------+-------+-------+-------+----------------------

Vault maps used:
D:1:      minmay_arrival_arboretum_small, minmay_small_reverse_x
D:2:      lemuel_crystal_altar, first_ration
D:3:      nicolae_overflow_hidden_temple
D:5:      old_standard_altar, vehumet_altar_wand_db,
          kennysheep_okawaru_gauntlet, grunt_temple_overflow_open,
          minmay_temple_entry_overgrown
D:6:      kennysheep_generic_room_6, uniq_grinder, uniq_menkaure
D:7:      nicolae_benzene_ring, grunt_ogre_cave
D:8:      xom_shifter_show, basic_altar, minmay_misc_feat_more_columns
D:9:      dpeg_oklobed_lair
D:10:     basic_altar
D:12:     zombieorc1_lemuel
D:13:     basic_altar, minmay_misc_feat_square, minmay_three_doors
Temple:   dshaligram_water_room_temple
